 Dungeon Crawl Stone Soup version 0.31-a0-844-gdc52ec4e09 (console) character file.

Game seed: 10075902932110971713

2625295 questionabletactics the Metamorph (level 26, 317/347 HPs)
             Began as a Troll Warper on Sept 29, 2023.
             Was the Champion of Cheibriados.
             Escaped with the Orb
             ... and 4 runes on Sept 30, 2023!
             The game lasted 03:19:02 (56805 turns).

questionabletactics the Metamorph (Troll Warper)   Turns: 56805, Time: 03:19:03

Health: 317/347    AC: 37    Str: 38      XL:     26   Next: 1%
Magic:  31/31      EV: 36    Int: 26 (29) God:    Cheibriados [******]
Gold:   7989       SH: 30    Dex: 42 (44) Spells: 20/33 levels left

rFire   + +          .
                       - Unarmed
rCold   + . .        a - +5 kite shield {AC+3}
rNeg    + + +        o - melded +0 gold dragon scales
rPois   ∞            v - +2 hat {Int+3}
rElec   +            V - scarf "Noduewio" {rC+ rF+, rN+}
rCorr   +            (gloves unavailable)
SInv    +            (boots unavailable)
Will    +....        s - amulet of Woghe {Reflect Str+3 Int+3 SH+5}
Stlth   ++           M - ring of Ybuqoror {rF+ rCorr SInv}
HPRegen 1.57/turn    t - ring "Dautogua" {rPois rN+ rCorr Str-5 Dex+8}
MPRegen 0.22/turn

%: reflection, clarity
@: statue-form, studying Short Blades, very slow
A: slow and powerful, torment resistance 1, boosted hp, large, unfitting armour,
claws 3, regeneration 1, (shaggy fur 1), (tough skin 1), agile 1, clarity
0: Orb of Zot
}: 4/15 runes: decaying, silver, abyssal, gossamer
a: Begin Untransformation, Renounce Religion, Bend Time, Temporal Distortion,
Slouch, Step From Time


You escaped.
You worshipped Cheibriados.
Cheibriados was exalted by your worship.
You were a living statue of rough stone.
You visited 11 branches of the dungeon, and saw 51 of its levels.
You visited the Abyss 1 time.
You also visited: Trove, Ossuary and Ice Cave.

You collected 9237 gold pieces.
You spent 1248 gold pieces at shops.

Inventory:

Hand Weapons
 h - a +4 scimitar of flaming
Missiles
 c - 7 darts of dispersal
 w - 103 large rocks (quivered)
 G - 14 curare-tipped darts
 W - 3 throwing nets
Armour
 a - a +5 kite shield of protection (worn)
 j - the +4 dragonskin cloak
   (You took it off Tiamat on level 2 of the Realm of Zot)

   Avatar's Aegis: It grants the wearer a chance to resist fire, cold, poison,
   electricity, acid, and negative energy.
 o - +0 gold dragon scales (melded)
 v - a +2 hat of intelligence (worn)
 B - the +1 cloak of Starlight {*Dazzle EV+4 Stlth--}
   (You acquired it on level 6 of the Dungeon)

   *Dazzle:   It may blind those who miss an attack against the wearer in melee
   combat.
   EV+4:      It affects your evasion (+4).
   Stlth--:   It makes you much less stealthy.
 I - the +9 ice dragon scales of the Stonemason {rPois rF- rC++ Str-4 Int+4 SInv}
   (You took it off a deep elf high priest on level 3 of the Elven Halls)

   Str-4:     It affects your strength (-4).
   Int+4:     It affects your intelligence (+4).
   rF-:       It makes you vulnerable to fire.
   rC++:      It greatly protects you from cold.
   rPois:     It protects you from poison SInv: It lets you see invisible.
 V - the scarf "Noduewio" (worn) {rC+ rF+, rN+}
   (You acquired it on level 5 of the Vaults)

   rN+:       It protects you from negative energy.
Jewellery
 s - the amulet of Woghe (around neck) {Reflect Str+3 Int+3 SH+5}
   (You found it on level 3 of the Crypt)

   [amulet of reflection]

   Reflect:   It reflects blocked missile attacks.
   Str+3:     It affects your strength (+3).
   Int+3:     It affects your intelligence (+3).
   SH+5:      It affects your SH (+5).
 t - the ring "Dautogua" (right claw) {rPois rN+ rCorr Str-5 Dex+8}
   (You found it on level 11 of the Dungeon)

   [ring of poison resistance]

   Str-5:     It affects your strength (-5).
   Dex+8:     It affects your dexterity (+8).
   rPois:     It protects you from poison rN+: It protects you from negative
   energy.
   rCorr:     It protects you from acid and corrosion.
 E - the ring of Wariness {rC+ Will+}
   (You found it on level 1 of the Realm of Zot)

   [ring of protection from cold]

   rC+:       It protects you from cold.
   Will+:     It increases your willpower.
 M - the ring of Ybuqoror (left claw) {rF+ rCorr SInv}
   (You took it off a vault warden on level 5 of the Vaults)

   [ring of protection from fire]

   rF+:       It protects you from fire.
   SInv:      It lets you see invisible.
   rCorr:     It protects you from acid and corrosion.
 O - the ring "Jefoph" {rElec rCorr MP+9 Str+6 Int-3}
   (You took it off a frost giant on level 3 of the Depths)

   [ring of strength]

   Str+6:     It affects your strength (+6).
   Int-3:     It affects your intelligence (-3).
   rElec:     It insulates you from electricity.
   MP+9:      It affects your magic capacity (+9).
   rCorr:     It protects you from acid and corrosion.
 T - the ring "Raenk" {rC+ SInv}
   (You found it on level 3 of the Depths)

   [ring of protection from cold]

   rC+:       It protects you from cold.
   SInv:      It lets you see invisible.
Talismans
 e - a dragon-blood talisman
 F - a granite talisman (active)
Wands
 l - a wand of light (27)
 n - a wand of mindburst (14)
 r - a wand of flame (110)
 D - a wand of roots (54)
 N - a wand of paralysis (19)
 Q - a wand of polymorph (18)
 U - a wand of digging (13)
Scrolls
 b - 5 scrolls of blinking
 i - 10 scrolls of teleportation
 k - 5 scrolls of fear
 u - 7 scrolls of fog
 A - 2 scrolls of amnesia
 C - 2 scrolls of revelation
 L - 2 scrolls of summoning
 X - 3 scrolls of silence
 Z - 8 scrolls of vulnerability
Potions
 d - 6 potions of heal wounds
 f - 8 potions of invisibility
 g - 10 potions of mutation
 p - 9 potions of ambrosia
 q - 26 potions of curing
 x - 13 potions of might
 z - 3 potions of magic
 K - 8 potions of resistance
 P - 2 potions of enlightenment
Miscellaneous
 y - a phial of floods
 H - a sack of spiders
 Y - a phantom mirror (inert)


   Skills:
 - Level 16.4 Fighting
 - Level 10.4 Throwing
 - Level 17.7 Dodging
 - Level 2.0 Stealth
 + Level 16.4 Shields
 - Level 18.0 Unarmed Combat
 - Level 4.1 Spellcasting
 + Level 12.3 Translocations
 - Level 12.1 Invocations
 - Level 1.9 Evocations
 - Level 20.2 Shapeshifting


You had 20 spell levels left.
You knew the following spells:

 Your Spells              Type           Power      Damage    Failure   Level
a - Blink                 Tloc           100%       N/A       1%          2
b - Lesser Beckoning      Tloc           100%       N/A       1%          2
c - Apportation           Tloc           100%       N/A       1%          1
d - Manifold Assault      Tloc           62%        N/A       1%          4
e - Dimensional Bullseye  Hex/Tloc       18%        N/A       9%          4

Your spell library contained the following spells:

 Spells                   Type           Power      Damage    Failure   Level
 Teleport Other           Tloc           62%        N/A       1%          3
 Passage of Golubria      Tloc           62%        N/A       1%          4
 Volatile Blastmotes      Fire/Tloc      74%        2d16      2%          3
 Iskenderun's Mystic Bla  Conj/Tloc      37%        2d9       9%          4
 Vhi's Electric Charge    Tloc/Air       74%        N/A       9%          4
 Kiss of Death            Conj/Necr      20%        2d7       11%         1
 Magic Dart               Conj           20%        1d4       11%         1
 Necrotise                Necr           20%        1d5       11%         1
 Slow                     Hex            20%        N/A       11%         1
 Summon Small Mammal      Summ           20%        N/A       11%         1
 Call Imp                 Summ           10%        N/A       16%         2
 Cigotuvi's Dreadful Rot  Necr/Pois/Air  10%        N/A       16%         2
 Passwall                 Tmut/Erth      4%         N/A       16%         2
 Poisonous Vapours        Pois/Air       10%        N/A       16%         2
 Searing Ray              Conj           10%        2d4       16%         2
 Static Discharge         Conj/Air       10%        2-3/arc   16%         2
 Wereblood                Tmut           5%         N/A       16%         2
 Summon Forest            Summ/Tloc      18%        N/A       22%         5
 Call Canine Familiar     Summ           5%         N/A       30%         3
 Confusing Touch          Hex            5%         N/A       30%         3
 Dazzling Flash           Conj/Hex       10%        N/A       30%         3
 Hailstorm                Conj/Ice       5%         3d4       30%         3
 Ignite Poison            Fire/Tmut/Pois 5%         N/A       30%         3
 Inner Flame              Hex/Fire       5%         N/A       30%         3
 Mephitic Cloud           Conj/Pois/Air  5%         N/A       30%         3
 Ozocubu's Armour         Ice            5%         N/A       30%         3
 Sigil of Binding         Hex            5%         N/A       30%         3
 Stone Arrow              Conj/Erth      10%        3d7       30%         3
 Summon Guardian Golem    Hex/Summ       5%         N/A       30%         3
 Swiftness                Air            5%         N/A       30%         3
 Tukima's Dance           Hex            5%         N/A       30%         3
 Vampiric Draining        Necr           5%         2d6       30%         3
 Airstrike                Air            2%         2d(1-17)  71%         4
 Anguish                  Hex/Necr       2%         N/A       71%         4
 Animate Armour           Summ/Erth      10%        N/A       71%         4
 Animate Dead             Necr           5%         N/A       71%         4
 Cause Fear               Hex            2%         N/A       71%         4
 Flame Wave               Conj/Fire      5%         2d5       71%         4
 Fulminant Prism          Conj/Hex       2%         3d5       71%         4
 Sticky Flame             Conj/Fire      5%         2d3       71%         4
 Summon Ice Beast         Ice/Summ       5%         N/A       71%         4
 Summon Lightning Spire   Summ/Air       5%         N/A       71%         4
 Agony                    Necr           5%         N/A       96%         5
 Alistair's Intoxication  Tmut/Pois      3%         N/A       96%         5
 Arcjolt                  Conj/Air       2%         1d12      96%         5
 Borgnjor's Vile Clutch   Necr/Erth      2%         N/A       96%         5
 Freezing Cloud           Conj/Ice/Air   2%         6-21      96%         5
 Lee's Rapid Deconstruct  Erth           2%         3d5*      96%         5
 Metabolic Englaciation   Hex/Ice        2%         N/A       96%         5
 Silence                  Hex/Air        2%         N/A       96%         5
 Summon Mana Viper        Hex/Summ       5%         N/A       96%         5
 Yara's Violent Unravell  Hex/Tmut       2%         3d3       96%         5
 Death Channel            Necr           2%         N/A       100%        6
 Eringya's Noxious Bog    Tmut/Pois      2%         4d6       100%        6
 Plasma Beam              Fire/Air       2%         2x1d12    100%        6
 Simulacrum               Ice/Necr       2%         N/A       100%        6
 Summon Cactus Giant      Summ           2%         N/A       100%        6
 Enfeeble                 Hex            2%         N/A       100%        7
 Haunt                    Necr/Summ      2%         N/A       100%        7
 Malign Gateway           Summ/Tloc      18%        N/A       100%        7
 Ozocubu's Refrigeration  Ice            2%         4d8       100%        7
 Summon Hydra             Summ           2%         N/A       100%        7
 Borgnjor's Revivificati  Necr           2%         N/A       100%        8
 Infestation              Necr           2%         N/A       100%        8
 Lehudib's Crystal Spear  Conj/Erth      2%         10d2      100%        8
 Summon Horrible Things   Summ           2%         N/A       100%        8
 Polar Vortex             Ice            2%         N/A       100%        9
 Sublimation of Blood     Necr           Unusable   N/A       N/A         2

Dungeon Overview and Level Annotations

Branches:
Dungeon (15/15)            Temple (1/1) D:5            Lair (5/5) D:9
  Swamp (4/4) Lair:2       Spider (4/4) Lair:3        Slime (0/5) Lair:4
    Orc (2/2) D:12            Elf (3/3) Orc:2        Vaults (5/5) D:14
  Crypt (3/3) Vaults:3       Tomb (0/3) Crypt:3      Depths (4/4) D:15
    Zot (5/5) Depths:4    Ossuary (visited)           IceCv (visited)

Altars:
Ashenzari
Cheibriados
Dithmenos
Elyvilon
Fedhas
Gozag
Hepliaklqana
Kikubaaqudgha
Makhleb
Nemelex Xobeh
Okawaru
Qazlal
Ru
Sif Muna
Trog
Uskayaw
Vehumet
Wu Jian
Xom
Yredelemnul
Zin
The Shining One
Jiyva
Lugonu

Shops:
D:1 (   D:10 [   Orc:2 ((=[*   Elf:2 !   Elf:3 :   Vaults:1 ?   Depths:3 ![
Depths:4 *

Portals:
Hell: Depths:1 Depths:2 Depths:3 Depths:4
Abyss: Lair:5 Depths:3 Depths:4
Pandemonium: Depths:2
Ziggurat: Depths:3

Annotations:
D:4 exclusion: door
Swamp:2 Mlioglotl
Elf:2 5 runed translucent doors
Depths:3 1 transporter
Zot:3 1 runed translucent door, Zeaxzic Paph's ghost, veteran OgBe


Innate Abilities, Weirdness & Mutations

You are a living statue of rough stone.
Your actions are slow, but your melee attacks are powerful.
You are resistant to unholy torment.
Your maximum health is greatly increased.
Your equipment is partially melded.
You are too large for most types of armour.
You are immune to poison.
You have claws for hands.
Your natural rate of healing is unusually fast.
((You are covered in fur. (AC +1)))
((You have tough skin. (AC +1)))
You are agile. (Dex +4, Str/Int -1)
You possess an exceptional clarity of mind.


Message History

You eviscerate the hell hog!!!
You kill the hell hog!
Cheibriados appreciates the change of pace.
You see here a hell hog corpse.
HP restored.
A Puitoe and a small abomination come into view.
Press: ? - help, v - describe, . - travel
Here: Puitoe The floor.
You block the small abomination's attack.
Puitoe conjures a glowing orb.
An orb of destruction comes into view.
You block the small abomination's attack.
Puitoe launches a ball of destructive magic.
The wavering orb of destruction weakly hits the small abomination!!
The small abomination is blown up!
The orb of destruction hits you!!!!
You eviscerate Puitoe!!!
Puitoe is moderately wounded.
Puitoe tentacle-slaps you but does no damage.
You block Puitoe's attack.
You completely miss Puitoe.
Puitoe is moderately wounded.
Puitoe gestures at you. You resist with significant effort.
You eviscerate Puitoe!!!
Puitoe is severely wounded.
You block Puitoe's attack.
Puitoe tentacle-slaps you but does no damage.
You miss Puitoe.
Puitoe is severely wounded.
Puitoe tentacle-slaps you! You block Puitoe's attack.
You eviscerate Puitoe!!!!
You kill Puitoe!
Cheibriados appreciates the change of pace.
You feel your intelligence returning.
You have reached level 26!
There is an open door here.
There is a staircase leading out of the dungeon here.
You have escaped!

♣♣♣...♣♣P.♣.....#.....#.#
♣♣♣♣♣....................#
♣.~♣P♣....######.######..#
P~~~P♣...##~~~~#'#~~~~##.#
.~~~P♣...#X○~~~#.#~~~~~#.#
..~.P♣.###°~~~~#.#~~~~~#.#
.P.♣♣♣## #~~#~~#.#~~#~~#.#
♣♣.♣♣#####~~~~~#.#~~~~~#.#
.........#○~°~~#8#~~~~~#.#
....####.#~~○~~#.#~~°~~#.#
....####>#~~~~ #.# ~~~~#.#
.......#.#~~#~~#.#~~#~~#.#
.........#~~ ~~#.#~° ~~#.#
##.###...## ~~~#+#~~~ ##.#
##.###....######.######..#
##..####.................#
♣♣♣♣.....................#


There were no monsters in sight!

Vanquished Creatures
  Tiamat (Zot:2)
  5 dread liches
  2 orbs of fire
  Mara (Vaults:5)
  3 juggernauts (Depths:2)
  3 ancient liches
  Mennas (Crypt:2)
  Sojobo (Vaults:4)
  Boris (thrice) (Depths:4 Crypt:2 Crypt:3)
  Saint Roka (Vaults:4)
  Frederick (Crypt:2)
  Margery (Vaults:3)
  Bai Suzhen (Depths:2)
  6 Killer Klowns
  The ghost of Pakoimuu the Executioner, a veteran FoFi of Dithmenos (Crypt:2)
  3 curse toes
  2 caustic shrikes
  Jory (Depths:4)
  A bone dragon (Swamp:4)
  7 golden dragons
  Arachne (Spider:3)
  5 pandemonium lords
  An electric golem (Zot:5)
  2 hellephants
  Rupert (D:14)
  Jorgrun (Spider:1)
  2 walking crystal tomes
  4 liches
  12 tentacled monstrosities
  2 deep elf master archers (Elf:3)
  23 Orb Guardians
  2 Hell Sentinels
  3 quicksilver dragons
  2 deep elf blademasters (Elf:3)
  3 titans
  7 death cobs
  6 sphinxes
  Frances (Elf:1)
  5 ancient champions
  7 shadow dragons
  Kirke (Spider:2)
  2 tentacled starspawn
  15 tengu reavers
  A thorn hunter (Swamp:3)
  6 draconian monks
  8 storm dragons
  4 fire giants
  Donald (Spider:2)
  3 fenstrider witches
  12 frost giants
  3 spectral caustic shrikes (Crypt:3)
  2 draconian knights
  3 revenants (Crypt:3)
  4 deep elf sorcerers
  3 iron dragons
  3 deep elf elementalists (Elf:3)
  17 vault wardens
  8 emperor scorpions
  7 ghost moths
  2 spectral juggernauts (Crypt:3)
  3 draconian scorchers
  3 draconian shifters
  A balrug (Depths:4)
  2 ghouls (Crypt:2)
  3 war gargoyles
  2 formless jellyfish
  26 very ugly things
  A caustic shrike skeleton (Crypt:2)
  A spriggan defender (Depths:4)
  3 orc warlords
  A juggernaut skeleton (Crypt:1)
  A quicksilver ooze (shapeshifter) (Vaults:5)
  15 ironbound preservers
  3 reapers (IceCv)
  6 ironbound thunderhulks
  7 green draconians
  2 broodmothers
  10 black draconians
  19 stone giants
  7 vampire knights
  9 deep elf demonologists
  Azrael (Orc:1)
  3 eleionomae
  10 deep elf annihilators
  A spectral titan (Crypt:3)
  7 white draconians
  12 dire elephants
  3 lorocyprocas
  10 purple draconians
  21 spark wasps
  5 yellow draconians
  4 red draconians
  4 bunyips
  9 eidola
  11 ettins
  11 deep elf death magi
  2 green deaths (D:6)
  5 entropy weavers
  A crystal guardian (Vaults:3)
  8 jiangshi
  7 deep elf high priests
  9 great orbs of eyes
  4 fire dragons
  5 spectral quicksilver dragons (Crypt:3)
  13 yaktaur captains
  A spectral spriggan (Crypt:3)
  An entropy weaver (shapeshifter) (Lair:5)
  6 ice dragons
  An ice dragon (shapeshifter) (Vaults:5)
  5 caustic shrike simulacra (IceCv)
  9 hydras
  3 ogre magi
  The ghost of tkdrg the Grappler, a novice TrGl of Ru (D:10)
  30 vault guards
  A rakshasa (D:6)
  3 jorogumos (Spider:3)
  3 peacekeepers
  6 spriggan air magi
  10 ironbound frosthearts
  Erolcha (D:9)
  Erica (D:10)
  16 centaur warriors
  4 ghost crabs
  3 death knights
  A radroach (Spider:4)
  7 alligators
  4 two-headed ogres
  A sphinx zombie (Depths:2)
  9 deep troll shamans
  8 deep troll earth magi
  A spectral stone giant (Crypt:3)
  11 boulder beetles
  A death scarab (Spider:2)
  A spectral naga (Crypt:3)
  10 death yaks
  3 tengu warriors
  A titan zombie (Crypt:1)
  6 dancing weapons
  A hell hog (D:1)
  2 thrashing horrors (Lair:5)
  11 demonic crawlers
  5 orc high priests
  6 vampire magi
  13 hell knights
  A spectral storm dragon (Crypt:3)
  3 soul eaters
  6 deep elf knights
  11 spriggan berserkers
  6 sun demons
  4 pharaoh ants
  A spectral bunyip (Crypt:3)
  2 skysharks (Lair:5)
  9 iron trolls
  Amaemon (D:9)
  16 skeletal warriors
  3 wretched stars (Abyss:3)
  7 goliath frogs
  9 spriggans
  2 shadow wraiths (Crypt:3)
  A death drake (Swamp:4)
  2 sea snakes (shapeshifter)
  3 sixfirhies
  3 glowing orange brains
  A spectral anaconda (Crypt:3)
  6 wizards
  7 orb spiders
  10 bog bodies
  11 flayed ghosts
  A shadow dragon zombie (Depths:2)
  13 ironbound convokers
  7 deep elf archers
  5 steelbarb worms
  2 obsidian statues (IceCv)
  A shadow demon (D:13)
  8 necromancers
  3 swamp dragons
  A spriggan simulacrum (IceCv)
  5 harpies (Vaults:3)
  A tengu zombie (Vaults:2)
  A harpy (shapeshifter) (Lair:5)
  2 spectral hydras (Swamp:4)
  41 deep trolls
  12 orc knights
  2 alligator zombies (Swamp:4)
  10 lindwurms
  26 deep elf pyromancers
  3 anaconda skeletons
  A wolf spider (shapeshifter) (Depths:3)
  13 phantasmal warriors
  A shadow dragon skeleton (Crypt:1)
  10 deep elf zephyrmancers
  9 large abominations
  A mana viper (shapeshifter) (Vaults:5)
  A spectral ettin (Crypt:3)
  16 wolf spiders
  An iron dragon zombie (Depths:2)
  A salamander (shapeshifter) (Vaults:5)
  2 cyclopes (D:15)
  7 orc sorcerers
  A spectral centaur (Crypt:3)
  7 moths of wrath
  3 elephants (Lair:5)
  2 manticores
  22 ugly things
  A guardian serpent (shapeshifter) (D:14)
  2 human skeletons (Vaults:2)
  3 black mambas
  21 vault sentinels
  7 torpor snails
  9 cane toads
  A grey draconian zombie (Crypt:1)
  3 orange demons
  7 smoke demons
  Jeremiah (D:7)
  3 anaconda simulacra
  2 hellions
  6 unseen horrors (Crypt:1)
  22 freezing wraiths
  44 yaktaurs
  2 gargoyles
  13 komodo dragons
  6 tengu conjurers
  A rime drake (Lair:5)
  4 efreet
  A yaktaur (shapeshifter) (Spider:4)
  An iron giant simulacrum (Crypt:3)
  A red devil (Depths:2)
  A spectral harpy (Crypt:3)
  5 hydra zombies (Swamp:4)
  2 golden dragon simulacra (IceCv)
  A grey draconian skeleton (Crypt:2)
  An ice devil (Depths:2)
  11 meliai
  8 swamp worm zombies
  3 polar bears
  A sea snake skeleton (Crypt:1)
  A wind drake (shapeshifter) (D:15)
  4 trolls
  A bloated husk (Swamp:1)
  A queen bee (Abyss:3)
  A wolf spider simulacrum (Lair:2)
  10 hornets
  A spectral swamp dragon (Swamp:4)
  30 tarantellas
  5 tyrant leeches
  A tengu simulacrum (Depths:2)
  24 blink frogs
  A fire giant simulacrum (Depths:2)
  2 raiju (Lair:5)
  A culicivora zombie (Crypt:1)
  A tarantella zombie (Crypt:3)
  27 jumping spiders
  5 dream sheep (Lair:3)
  A stone giant simulacrum (Crypt:3)
  A spectral black mamba (Crypt:3)
  14 slime creatures
  5 flying skulls (Crypt:2)
  A jumping spider (shapeshifter) (Vaults:5)
  4 water elementals
  17 culicivoras
  A centaur simulacrum (Crypt:1)
  5 vampires
  2 shadows
  A slime creature zombie (Crypt:3)
  A guardian serpent skeleton (Crypt:3)
  A wyvern (shapeshifter) (Vaults:5)
  8 wraiths
  49 yaks
  2 wyverns
  2 ynoxinuls
  2 dire elephant simulacra
  A golden eye (D:9)
  2 humans (D:8)
  3 hogs (Spider:2)
  44 redbacks
  A black mamba skeleton (Crypt:1)
  9 small abominations (Lair:5)
  A wind drake zombie (Crypt:3)
  8 basilisks
  10 fire elementals
  A golden eye (shapeshifter) (D:14)
  A steam dragon (D:8)
  15 vampire mosquitoes
  A basilisk (shapeshifter) (Vaults:5)
  3 neqoxecs
  A minotaur simulacrum (IceCv)
  4 chaos spawn
  14 swamp worms
  2 wargs
  A demonspawn zombie (Crypt:2)
  3 harpy simulacra (Crypt:3)
  4 hydra simulacra
  9 water moccasins
  2 hell hounds
  5 floating eyes (Depths:3)
  3 ice beasts
  15 ogres
  3 black bears
  2 sky beasts
  4 swamp dragon zombies
  An ettin simulacrum (IceCv)
  46 orc warriors
  4 wolves (Lair:1)
  11 centaurs
  7 phantoms
  A blink frog skeleton (Crypt:1)
  4 kobold brigands
  2 elf zombies (Elf:1)
  14 bullfrogs
  2 earth elementals
  A bullfrog (shapeshifter) (Elf:3)
  A gnoll sergeant (D:7)
  A komodo dragon skeleton (Crypt:2)
  A vine stalker zombie (Crypt:2)
  7 scorpions
  A cane toad simulacrum (Lair:2)
  A wyvern skeleton (Crypt:3)
  A wyvern zombie (Crypt:3)
  14 wights
  15 killer bees
  A human simulacrum (Vaults:2)
  2 electric eels
  5 howler monkeys
  A lava snake (D:11)
  4 centaur zombies (Ossuary)
  3 hounds
  4 jellies
  Crazy Yiuf (D:2)
  A human zombie (Ossuary)
  23 orc priests
  A water moccasin simulacrum (Lair:2)
  5 sleepcaps
  A centaur skeleton (Crypt:3)
  10 iguanas
  Natasha (D:2)
  32 orc wizards
  4 spectral swamp drakes (Swamp:4)
  A yak simulacrum (Lair:2)
  An acid dragon skeleton (Crypt:3)
  A tengu skeleton (Crypt:2)
  2 mummies (Ossuary)
  10 gnolls
  A swamp drake zombie (Swamp:4)
  8 adders
  3 shadow imps
  A white imp (D:7)
  An ufetubus (D:7)
  An adder zombie (Ossuary)
  2 worms
  3 dart slugs
  116 orcs
  3 endoplasms
  7 giant cockroaches
  15 goblins
  12 hobgoblins
  30 kobolds
  3 quokkas
  A ball python (D:1)
  6 bats
  A dart slug zombie (Crypt:1)
  2 endoplasm zombies
  7 frilled lizards
  3 goblin zombies (Ossuary)
  13 hobgoblin zombies (Ossuary)
  A jackal skeleton (Crypt:3)
  A jackal zombie (Ossuary)
  6 kobold zombies (Ossuary)
  7 orc zombies (Ossuary)
  2 rats
  A rat zombie (Ossuary)
  A butterfly (Lair:3)
  A spectral weapon (Spider:4)
2212 creatures vanquished.

Vanquished Creatures (collateral kills)
  An ironbound preserver (Vaults:5)
  An ettin (Vaults:5)
  A yaktaur captain (Vaults:5)
  A vault guard (Vaults:5)
  A deep troll (Vaults:5)
  An ironbound convoker (Vaults:5)
6 creatures vanquished.

Vanquished Creatures (others)
  Asterion (Spider:4)
  A draconian knight (Zot:2)
  A vault guard (Vaults:5)
  A deep elf knight (Elf:1)
  3 bloated husks (Swamp:4)
  2 tyrant leeches
  A phantom (Swamp:4)
  A small abomination (D:1)
  An orc (Orc:1)
  6 starspawn tentacles
18 creatures vanquished.

Grand Total: 2236 creatures vanquished

Notes
Turn   | Place    | Note
-------+----------+-------------------------------------------
     0 | D:1      | questionabletactics the Troll Warper began the quest for
                  | the Orb.
     0 | D:1      | Reached XP level 1. HP: 19/19 MP: 1/1
    85 | D:1      | Reached XP level 2. HP: 27/27 MP: 2/2
   282 | D:1      | Found Balu's Antique Weapon Shop.
   667 | D:2      | Reached XP level 3. HP: 33/33 MP: 3/3
   706 | D:2      | Found a runed translucent door.
   707 | D:2      | Noticed Crazy Yiuf
   779 | D:2      | Found a faded altar of an unknown god.
   787 | D:2      | Got an antique book
   791 | D:2      | Learned a level 2 spell: Blink
   865 | D:2      | Noticed Natasha
  1621 | D:3      | Reached XP level 4. HP: 40/41 MP: 4/4
  1682 | D:3      | Reached skill level 5 in Unarmed Combat
  1791 | D:3      | Reached XP level 5. HP: 47/48 MP: 5/5
  1941 | D:3      | Found a hide-covered altar of Uskayaw.
  1941 | D:3      | Found a sparkling altar of Nemelex Xobeh.
  2164 | D:4      | Found a sand-covered staircase.
  2170 | Ossuary  | Entered an ossuary
  2432 | Ossuary  | Reached XP level 6. HP: 53/55 MP: 6/6
  2676 | D:4      | Found a glowing golden altar of the Shining One.
  2840 | D:4      | Found a shimmering blue altar of Sif Muna.
  3442 | D:5      | Entered Level 5 of the Dungeon
  3480 | D:5      | Noticed an ice beast
  3544 | D:5      | Found a shimmering altar of Xom.
  3556 | D:4      | Reached XP level 7. HP: 60/62 MP: 7/7
  3603 | D:5      | Found a hazy altar of Hepliaklqana.
  3753 | D:5      | Reached skill level 1 in Stealth
  3966 | D:5      | Reached XP level 8. HP: 69/74 MP: 8/8
  4158 | D:5      | Found a staircase to the Ecumenical Temple.
  4175 | Temple   | Entered the Ecumenical Temple
  4212 | Temple   | Became a worshipper of Cheibriados the Contemplative
  4441 | D:6      | Reached skill level 1 in Invocations
  4824 | D:6      | Reached skill level 10 in Unarmed Combat
  5000 | D:6      | Reached * piety under Cheibriados
  5056 | D:6      | Reached XP level 9. HP: 73/84 MP: 9/9
  5173 | D:6      | Identified 2 scrolls of acquirement
  5173 | D:6      | Acquired the +1 cloak of Starlight {*Dazzle EV+4 Stlth--}
  5173 | D:6      | Found the +1 cloak of Starlight {*Dazzle EV+4 Stlth--}
  5185 | D:6      | Acquired the +1 robe "Hiofokkyanwa" {Str+8 Int+3 Dex+2
                  | Stlth-}
  5216 | D:6      | You fall into a shaft and drop 3 floors!
  5280 | D:9      | Noticed a komodo dragon
  5284 | D:9      | Noticed Erolcha
  5294 | D:9      | Killed Erolcha
  5329 | D:9      | Noticed a death knight
  5336 | D:9      | Noticed a purple ugly thing
  5339 | D:9      | Killed a death knight
  5340 | D:9      | Reached skill level 5 in Invocations
  5351 | D:9      | Killed a purple ugly thing
  5352 | D:9      | Reached XP level 10. HP: 29/93 MP: 13/13
  5639 | D:7      | Reached ** piety under Cheibriados
  5814 | D:7      | Noticed Jeremiah
  5878 | D:7      | Killed Jeremiah
  5920 | D:7      | Found a glowing silver altar of Zin.
  6204 | D:7      | Reached *** piety under Cheibriados
  6881 | D:8      | Reached **** piety under Cheibriados
  7047 | D:8      | Reached skill level 5 in Dodging
  7136 | D:8      | Found an iron altar of Okawaru.
  7348 | D:8      | Found a blossoming altar of Fedhas.
  7640 | D:8      | Reached skill level 1 in Evocations
  7657 | D:8      | Learned a level 2 spell: Lesser Beckoning
  7659 | D:8      | Learned a level 1 spell: Apportation
  7849 | D:9      | Reached ***** piety under Cheibriados
  7850 | D:9      | Reached XP level 11. HP: 94/100 MP: 14/14
  7916 | D:9      | Found a staircase to the Lair.
  7935 | D:9      | Noticed Amaemon
  7949 | D:9      | Killed Amaemon
  8075 | D:9      | Reached skill level 5 in Fighting
  8570 | D:10     | Entered Level 10 of the Dungeon
  8570 | D:10     | Found Tifuhas's Armour Emporium.
  8687 | D:10     | Found a runed translucent door.
  8689 | D:10     | Noticed tkdrg's ghost (novice TrGl)
  8689 | D:10     | Noticed a skeletal warrior
  8840 | D:10     | Found a basalt altar of Yredelemnul.
  9117 | D:10     | Noticed a two-headed ogre
  9121 | D:10     | Killed a two-headed ogre
  9141 | D:10     | Noticed Erica
  9306 | Lair:1   | Entered Level 1 of the Lair of Beasts
  9342 | Lair:1   | Noticed a death yak
  9352 | Lair:1   | Killed a death yak
  9352 | Lair:1   | Reached ****** piety under Cheibriados
  9535 | Lair:1   | Found the +4 robe of Folly {Brill Will-∞ Int+8}
  9539 | Lair:1   | Noticed a death yak
  9543 | Lair:1   | Noticed a death yak
  9551 | Lair:1   | Killed a death yak
  9554 | Lair:1   | Noticed a death yak
  9564 | Lair:1   | Killed a death yak
  9571 | Lair:1   | Killed a death yak
  9572 | Lair:1   | Reached XP level 12. HP: 98/118 MP: 15/15
 10493 | Lair:2   | Found a staircase to the Swamp.
 10582 | Lair:2   | Found a transporter.
 10614 | Lair:2   | Found a transporter.
 10792 | Lair:2   | Found a snail-covered altar of Cheibriados.
 11890 | Lair:3   | Reached skill level 10 in Dodging
 11890 | Lair:3   | Found a hole to the Spider Nest.
 12737 | Lair:4   | Noticed a seven-headed hydra
 12742 | Lair:4   | Killed a seven-headed hydra
 12743 | Lair:4   | Reached XP level 13. HP: 126/126 MP: 19/19
 12896 | Lair:3   | Reached skill level 10 in Invocations
 12923 | Lair:4   | Found a runed translucent door.
 12923 | Lair:4   | Found a viscous altar of Jiyva.
 12923 | Lair:4   | Found a staircase to the Slime Pits.
 13574 | Lair:4   | Reached skill level 1 in Throwing
 13797 | Lair:5   | Entered Level 5 of the Lair of Beasts
 14874 | Lair:5   | Learned a level 4 spell: Manifold Assault
 14898 | Lair:5   | Reached XP level 14. HP: 137/140 MP: 20/20
 14993 | Lair:5   | Reached skill level 5 in Translocations
 15228 | Lair:5   | Found a corrupted altar of Lugonu.
 15228 | Lair:5   | Found a one-way gate to the infinite horrors of the Abyss.
 15759 | D:10     | Found a stormy altar of Qazlal.
 15789 | D:10     | Killed Erica
 16053 | D:11     | Identified the ring "Dautogua" {rPois rN+ rCorr Str-5
                  | Dex+8}
 16379 | D:11     | Reached skill level 1 in Shields
 17084 | D:12     | Found a staircase to the Orcish Mines.
 17297 | Orc:1    | Entered Level 1 of the Orcish Mines
 17367 | Orc:2    | Entered Level 2 of the Orcish Mines
 17615 | Orc:2    | Noticed Azrael
 18760 | D:14     | Noticed Rupert
 18769 | D:14     | Killed Rupert
 18770 | D:14     | Reached skill level 5 in Shields
 19049 | D:14     | Reached XP level 15. HP: 148/148 MP: 21/21
 19161 | D:14     | Found a gate to the Vaults.
 19187 | D:14     | Found a hide-covered altar of Uskayaw.
 19451 | D:14     | Reached skill level 1 in Shapeshifting
 19678 | Orc:1    | Killed Azrael
 19719 | Orc:2    | Reached skill level 2 in Shapeshifting
 19856 | Orc:2    | Found a staircase to the Elven Halls.
 19900 | Orc:2    | Found Zafufazu's Weapon Shoppe.
 20096 | Orc:2    | Reached skill level 3 in Shapeshifting
 20469 | Orc:1    | Reached skill level 4 in Shapeshifting
 20491 | Orc:1    | Found a bloodstained altar of Trog.
 20803 | Orc:2    | Reached skill level 5 in Shapeshifting
 20943 | Orc:2    | Reached skill level 6 in Shapeshifting
 21110 | Orc:2    | Found Hoitt's Antique Armour Shop.
 21111 | Orc:2    | Found Wekobb's Antique Weapon Boutique.
 21113 | Orc:2    | Found Cujuudap's General Store.
 21113 | Orc:2    | Found Tiawieke's Jewellery Shop.
 21129 | Orc:2    | Bought a potion of heal wounds for 80 gold pieces
 21129 | Orc:2    | Bought a scroll of teleportation for 48 gold pieces
 21290 | D:15     | Entered Level 15 of the Dungeon
 21325 | D:15     | Reached skill level 7 in Shapeshifting
 21488 | D:15     | Identified the +0 robe of the Stallion {Regen+ Slay-6
                  | Stlth+}
 21521 | D:15     | Found a sacrificial altar of Ru.
 21625 | D:15     | Reached skill level 8 in Shapeshifting
 21944 | D:15     | Found a staircase to the Depths.
 22320 | Spider:1 | Entered Level 1 of the Spider Nest
 22320 | Spider:1 | Noticed Jorgrun
 22332 | Spider:1 | Killed Jorgrun
 22625 | Spider:1 | Reached skill level 9 in Shapeshifting
 22675 | Spider:1 | Noticed an emperor scorpion
 22685 | Spider:1 | Killed an emperor scorpion
 23037 | Spider:1 | Reached skill level 10 in Shapeshifting
 23605 | Spider:2 | Noticed Kirke
 23645 | Spider:2 | Reached XP level 16. HP: 156/156 MP: 22/22
 23895 | Spider:2 | Noticed Donald
 23911 | Spider:2 | Killed Donald
 23966 | Spider:2 | Reached skill level 11 in Shapeshifting
 24241 | Spider:2 | Reached skill level 12 in Shapeshifting
 24248 | Spider:2 | Killed Kirke
 24792 | Spider:3 | Noticed Arachne
 24812 | Spider:3 | Killed Arachne
 25044 | Spider:3 | Reached skill level 13 in Shapeshifting
 25084 | Spider:3 | Identified the +7 spear "Meaj" {elec, rC- Str+7 Stlth+}
 25549 | Spider:4 | Entered Level 4 of the Spider Nest
 25842 | Spider:3 | Reached skill level 14 in Shapeshifting
 26513 | Spider:4 | Noticed Asterion
 26523 | Spider:4 | Killed Asterion
 26834 | Spider:4 | Reached XP level 17. HP: 157/163 MP: 20/23
 26865 | Spider:4 | Reached skill level 15 in Shapeshifting
 27705 | Spider:4 | Got a gossamer rune of Zot
 27914 | Swamp:1  | Entered Level 1 of the Swamp
 28160 | Swamp:1  | Reached skill level 16 in Shapeshifting
 28693 | Swamp:2  | Reached skill level 10 in Fighting
 28754 | Swamp:2  | Noticed Mlioglotl
 28921 | Swamp:2  | You fall into a shaft and drop 1 floor!
 29624 | Swamp:4  | Entered Level 4 of the Swamp
 30105 | Swamp:4  | Noticed a bone dragon
 30117 | Swamp:4  | Killed a bone dragon
 30152 | Swamp:4  | Got a decaying rune of Zot
 30181 | Swamp:4  | Acquired 1358 gold pieces
 30695 | Vaults:1 | Entered Level 1 of the Vaults
 30722 | Vaults:1 | Noticed a sphinx
 30729 | Vaults:1 | Reached XP level 18. HP: 155/179 MP: 18/24
 30790 | Vaults:1 | Reached skill level 15 in Unarmed Combat
 31358 | Vaults:1 | Found Uclerphea's Magic Scroll Shoppe.
 31366 | Vaults:1 | Bought a scroll of blinking for 135 gold pieces
 31366 | Vaults:1 | Bought a scroll of teleportation for 54 gold pieces
 31366 | Vaults:1 | Bought a scroll of fog for 72 gold pieces
 31366 | Vaults:1 | Bought a scroll of revelation for 135 gold pieces
 32036 | Vaults:2 | Found a portal to a secret trove of treasure.
 32924 | Vaults:3 | Reached XP level 19. HP: 191/191 MP: 24/26
 33404 | Vaults:3 | Found a staircase to the Crypt.
 33711 | Vaults:3 | Noticed Margery
 33720 | Vaults:3 | Killed Margery
 33863 | Vaults:3 | You fall into a shaft and drop 1 floor!
 34556 | Vaults:4 | Noticed Sojobo
 34564 | Vaults:4 | Killed Sojobo
 34627 | Vaults:4 | Noticed Saint Roka
 34634 | Vaults:4 | Killed Saint Roka
 36240 | Elf:1    | Entered Level 1 of the Elven Halls
 36246 | Elf:1    | Reached XP level 20. HP: 200/200 MP: 28/28
 36315 | Elf:1    | Noticed Frances
 36324 | Elf:1    | Killed Frances
 36822 | Elf:1    | Got a worn book
 36986 | Elf:2    | Found a radiant altar of Vehumet.
 37095 | Elf:2    | Got a tattered book
 37205 | Elf:2    | Found a huge runed translucent gate.
 37205 | Elf:2    | Found a huge runed translucent gate.
 37205 | Elf:2    | Found a huge runed translucent gate.
 37331 | Elf:2    | Found Ryutuucs's Distillery.
 37507 | Elf:2    | Found a huge runed translucent gate.
 37507 | Elf:2    | Found a huge runed translucent gate.
 37556 | Elf:3    | Entered Level 3 of the Elven Halls
 37563 | Elf:3    | Found Zekog's Self-Published Books.
 37570 | Elf:3    | Reached skill level 10 in Shields
 37628 | Elf:3    | Found a frozen archway.
 37641 | IceCv    | Entered an ice cave
 37881 | IceCv    | Found the +0 pair of fencer's gloves {Riposte Dex+3}
 39657 | Abyss:3  | Cast into level 3 of the Abyss (a deep elf demonologist)
 39677 | Abyss:3  | Got an abyssal rune of Zot
 39742 | Elf:3    | Escaped the Abyss
 39745 | Elf:3    | Identified the +1 long sword of Wariness {flame, rPois}
 39777 | Elf:3    | Identified the +9 ice dragon scales of the Stonemason
                  | {rPois rF- rC++ Str-4 Int+4 SInv}
 40570 | Elf:3    | Identified the +4 sling of Oxiojuewn {antimagic, rElec rF+}
 40570 | Elf:3    | Identified the +0 plate armour "Vileler" {*Slow rF++ Str+3}
 40587 | Elf:3    | Identified the +5 ring mail of Levity {Contam Regen+ Str+3
                  | Int+2}
 40617 | Elf:3    | Got a murmuring book
 40684 | Elf:3    | Identified the +0 robe of the Arcane {rCorr}
 41135 | Vaults:2 | You showed the abyssal rune of Zot to enter a treasure
                  | trove
 41136 | Trove    | Entered a treasure trove
 41139 | Trove    | Found the +18 shield of the Gong {Loud rN+ Will+ rCorr
                  | EV-5}
 41140 | Trove    | Identified the +1 robe "Cimicaf" {Archmagi}
 41141 | Trove    | Identified the +3 kite shield of Immorality {rF- Int+5
                  | Stlth+}
 41159 | Trove    | Identified the +1 cloak of Xodukh {Dex+4}
 41161 | Trove    | Identified the scarf of Generosity {shadows, Dex+3}
 41164 | Trove    | Identified the +1 hat of Ravioli {rPois Str+4 Dex-2 SInv}
 41168 | Trove    | Identified the +2 robe "Piah" {rF+ Stlth+}
 41196 | Vaults:2 | Learned a level 4 spell: Dimensional Bullseye
 41350 | Depths:1 | Entered Level 1 of the Depths
 41353 | Depths:1 | Got an unusual book
 41658 | Depths:1 | Reached XP level 21. HP: 213/213 MP: 29/29
 41659 | Depths:1 | Reached skill level 5 in Throwing
 41795 | Depths:1 | Found a shadowy altar of Dithmenos.
 41892 | Depths:1 | Found a gateway to Hell.
 42767 | Depths:2 | Noticed a caustic shrike
 42773 | Depths:2 | Killed a caustic shrike
 42832 | Depths:2 | Noticed a golden dragon
 42839 | Depths:2 | Killed a golden dragon
 42874 | Depths:2 | Noticed a juggernaut
 42876 | Depths:2 | Noticed a juggernaut
 42884 | Depths:2 | Killed a juggernaut
 42888 | Depths:2 | Killed a juggernaut
 42989 | Depths:2 | Noticed a juggernaut
 42997 | Depths:2 | Killed a juggernaut
 43159 | Depths:2 | Identified the +7 scale mail "Duttuo" {+Inv rElec Int+2}
 43432 | Depths:2 | Found a one-way gate leading to the halls of Pandemonium.
 43588 | Depths:2 | Noticed Bai Suzhen
 43670 | Depths:2 | Killed Bai Suzhen
 43972 | Depths:3 | Paralysed by a floating eye for 3 turns
 43988 | Depths:3 | Identified the +7 flail of Misery {heavy, rC+ Will++ Str+4}
 44058 | Depths:3 | Found Eroi's Distillery.
 44171 | Depths:3 | Paralysed by a floating eye for 2 turns
 44244 | Depths:3 | Found Qeorru's Armour Boutique.
 44264 | Depths:3 | Paralysed by a floating eye for 4 turns
 44291 | Depths:3 | Reached skill level 10 in Throwing
 44295 | Depths:3 | Reached XP level 22. HP: 222/222 MP: 30/30
 44361 | Depths:3 | Noticed a golden dragon
 44362 | Depths:3 | Noticed a golden dragon
 44371 | Depths:3 | Killed a golden dragon
 44372 | Depths:3 | Killed a golden dragon
 44460 | Depths:3 | Found a one-way gateway to a ziggurat.
 44466 | Depths:3 | Found a transporter.
 44489 | Depths:3 | Reached skill level 15 in Dodging
 44547 | Depths:3 | Identified the ring "Jefoph" {rElec rCorr MP+9 Str+6 Int-3}
 44645 | Depths:3 | Bought a potion of heal wounds for 105 gold pieces
 44645 | Depths:3 | Bought a potion of curing for 63 gold pieces
 44645 | Depths:3 | Bought a potion of heal wounds for 105 gold pieces
 44704 | Depths:3 | Identified the +0 robe "Kiatt" {rC+ rCorr}
 44780 | Depths:3 | Found a transporter.
 44795 | Depths:3 | Identified the ring "Raenk" {rC+ SInv}
 44928 | Depths:3 | Identified the ring of Kindness {Fire Will- Int+5}
 45092 | Depths:4 | Entered Level 4 of the Depths
 45291 | Depths:4 | Paralysed by a vampire knight for 2 turns
 45382 | Depths:4 | Found a sparkling altar of Nemelex Xobeh.
 46149 | Depths:4 | Noticed Boris
 46154 | Depths:4 | Killed Boris
 46158 | Depths:4 | Reached skill level 17 in Shapeshifting
 46204 | Depths:4 | Found Big Baal Hell's Store.
 46252 | Depths:4 | Noticed Jory
 46260 | Depths:4 | Killed Jory
 46563 | Depths:4 | Found a gate to the Realm of Zot.
 46958 | Crypt:1  | Entered Level 1 of the Crypt
 47010 | Crypt:1  | Paralysed by a vampire knight for 4 turns
 47090 | Crypt:1  | Reached XP level 23. HP: 231/231 MP: 31/31
 47669 | Crypt:2  | Paralysed by a vampire knight for 2 turns
 47768 | Crypt:2  | Noticed Frederick
 47780 | Crypt:2  | Killed Frederick
 47804 | Crypt:2  | Noticed Mennas
 47813 | Crypt:2  | Killed Mennas
 47936 | Crypt:2  | Found a runed translucent door.
 47937 | Crypt:2  | Noticed Pakoimuu's ghost (veteran FoFi)
 47943 | Crypt:2  | Noticed Boris
 47948 | Crypt:2  | Killed Boris
 47949 | Crypt:2  | Reached skill level 18 in Shapeshifting
 48215 | Crypt:2  | Killed Pakoimuu's ghost
 48269 | Crypt:3  | Entered Level 3 of the Crypt
 48320 | Crypt:3  | Noticed Boris
 48328 | Crypt:3  | Killed Boris
 48680 | Crypt:3  | Got a faded book
 48683 | Crypt:3  | Identified the amulet of Woghe {Reflect Str+3 Int+3 SH+5}
 48854 | Crypt:3  | Reached skill level 15 in Fighting
 49146 | Crypt:3  | Identified the +9 rapier of the Six Runes {flame, Str+4}
 49238 | Crypt:3  | Found a staircase to the Tomb.
 49377 | Crypt:3  | Identified the +4 pair of boots "Ycwanlag" {Rampage Int+3}
 50142 | Orc:2    | Bought a ring of protection from fire for 325 gold pieces
 50632 | D:10     | Killed tkdrg's ghost
 50638 | D:10     | Identified the staff "Hozexit" {rC+ Conj}
 50875 | D:2      | Killed Crazy Yiuf
 50932 | D:2      | Killed Natasha
 51349 | Vaults:5 | Entered Level 5 of the Vaults
 51387 | Vaults:4 | Reached skill level 19 in Shapeshifting
 51405 | Vaults:5 | Noticed an ancient lich
 51410 | Vaults:5 | Noticed an ancient lich
 51418 | Vaults:5 | Killed an ancient lich
 51420 | Vaults:5 | Noticed a dread lich
 51435 | Vaults:5 | Killed a dread lich
 51462 | Vaults:5 | Noticed Mara
 51491 | Vaults:5 | Reached XP level 24. HP: 90/244 MP: 6/31
 51627 | Vaults:5 | Noticed a dread lich
 51636 | Vaults:5 | Killed a dread lich
 51686 | Vaults:5 | Identified the ring of Ybuqoror {rF+ rCorr SInv}
 51690 | Vaults:5 | Killed an ancient lich
 51805 | Vaults:5 | Killed Mara
 51815 | Vaults:5 | Reached skill level 20 in Shapeshifting
 51887 | Vaults:5 | Noticed a dread lich
 51927 | Vaults:5 | Identified the +1 leather armour "Wil Kaa" {Harm Drain +Inv
                  | Str+5}
 51929 | Vaults:5 | Identified the +1 scimitar of the Eternal Warrior {spect,
                  | rN+ Str+3}
 52150 | Vaults:5 | Killed a dread lich
 52248 | Vaults:5 | Got a silver rune of Zot
 52250 | Vaults:5 | Identified the +2 dagger "Ybbeo" {freeze, rN+ Str+3 Int-4}
 52375 | Vaults:5 | Got a blackened book
 52520 | Vaults:5 | Acquired the scarf "Noduewio" {rC+ rF+, rN+}
 52629 | Vaults:5 | Got a resplendent book
 53569 | Elf:2    | Bought a potion of curing for 42 gold pieces
 53569 | Elf:2    | Bought a potion of curing for 42 gold pieces
 53569 | Elf:2    | Bought a potion of curing for 42 gold pieces
 53974 | Zot:1    | Entered Level 1 of the Realm of Zot
 54028 | Zot:1    | Noticed an orb of fire
 54148 | Zot:1    | Gained mutation: Your body sometimes deteriorates upon
                  | taking damage. [an orb of fire]
 54148 | Zot:1    | Gained mutation: Armour fits poorly on your strangely
                  | shaped body. [an orb of fire]
 54158 | Depths:4 | Gained mutation: You are vulnerable to cold. (rC-) [an orb
                  | of fire]
 54165 | Depths:4 | Killed an orb of fire
 54193 | Depths:4 | Lost mutation: Your body sometimes deteriorates upon taking
                  | damage. [potion of mutation]
 54193 | Depths:4 | Lost mutation: Armour fits poorly on your strangely shaped
                  | body. [potion of mutation]
 54193 | Depths:4 | Gained mutation: Your magical capacity is low. (-10% MP)
                  | [potion of mutation]
 54193 | Depths:4 | Gained mutation: You are weak. (Str -2) [potion of
                  | mutation]
 54193 | Depths:4 | Gained mutation: You are somewhat resistant to further
                  | mutation. [potion of mutation]
 54194 | Depths:4 | Lost mutation: You are vulnerable to cold. (rC-) [potion of
                  | mutation]
 54194 | Depths:4 | Lost mutation: You are somewhat resistant to further
                  | mutation. [potion of mutation]
 54194 | Depths:4 | Lost mutation: Your magical capacity is low. (-10% MP)
                  | [potion of mutation]
 54194 | Depths:4 | Gained mutation: You sometimes lose your temper in combat.
                  | [potion of mutation]
 54194 | Depths:4 | Gained mutation: You are partially covered in iridescent
                  | scales. (AC +2) [potion of mutation]
 54194 | Depths:4 | Lost mutation: You sometimes lose your temper in combat.
                  | [potion of mutation]
 54217 | Zot:1    | Identified the ring of Wariness {rC+ Will+}
 54307 | Zot:2    | Found the +4 dragonskin cloak
 54307 | Zot:2    | Noticed Tiamat
 54329 | Zot:2    | Killed Tiamat
 54335 | Zot:2    | Reached XP level 25. HP: 230/256 MP: 31/31
 54354 | Zot:2    | Noticed a Killer Klown
 54363 | Zot:2    | Killed a Killer Klown
 54610 | Zot:2    | Identified the +4 scimitar of the Aged Ziggurats {holy,
                  | Dex+3}
 54627 | Zot:3    | Found a runed translucent door.
 54628 | Zot:3    | Found a shimmering altar of Xom.
 54628 | Zot:3    | Noticed Zeaxzic Paph's ghost (veteran OgBe)
 54645 | Zot:4    | Noticed an orb of fire
 54737 | Zot:5    | Entered Level 5 of the Realm of Zot
 54743 | Zot:5    | Reached skill level 10 in Translocations
 54941 | Zot:5    | Lost mutation: You are partially covered in iridescent
                  | scales. (AC +2) [mutagenic glow]
 54970 | Zot:5    | Gained mutation: You are somewhat resistant to further
                  | mutation. [mutagenic glow]
 55110 | Zot:5    | Noticed a Killer Klown
 55110 | Zot:5    | Noticed an orb of fire
 55110 | Zot:5    | Noticed a Killer Klown
 55116 | Zot:5    | Noticed a Killer Klown
 55119 | Zot:5    | Noticed a dread lich
 55123 | Zot:5    | Noticed a dread lich
 55128 | Zot:5    | Killed a dread lich
 55131 | Zot:5    | Killed a dread lich
 55135 | Zot:5    | Killed a Killer Klown
 55142 | Zot:5    | Killed an orb of fire
 55147 | Zot:5    | Reached skill level 15 in Shields
 55147 | Zot:5    | a Killer Klown changed into a caustic shrike
 55147 | Zot:5    | Killed a Killer Klown
 55224 | Zot:5    | Noticed a Killer Klown
 55250 | Zot:5    | Killed a Killer Klown
 55303 | Zot:5    | Noticed an ancient lich
 55304 | Zot:5    | Noticed a Killer Klown
 55323 | Zot:5    | Killed a Killer Klown
 55849 | Zot:5    | Got the Orb of Zot
 55862 | Zot:5    | Noticed an ancient lich
 55864 | Zot:5    | Noticed Luqunuupn the pandemonium lord
 55865 | Zot:5    | Noticed a Killer Klown
 55865 | Zot:5    | Noticed a Killer Klown
 55865 | Zot:5    | Gained mutation: You are vulnerable to cold. (rC-)
                  | [mutagenic glow]
 55871 | Zot:5    | Killed an ancient lich
 55873 | Zot:5    | Noticed a Killer Klown
 55879 | Zot:5    | Killed a Killer Klown
 55907 | Zot:5    | Noticed a Killer Klown
 55952 | Zot:4    | Noticed Xirudghes the pandemonium lord
 55964 | Zot:4    | Killed Xirudghes the pandemonium lord
 56093 | Depths:4 | Gained mutation: You are vulnerable to heat. (rF-) [a
                  | neqoxec]
 56096 | Depths:4 | Lost mutation: You are weak. (Str -2) [potion of mutation]
 56096 | Depths:4 | Lost mutation: You are somewhat resistant to further
                  | mutation. [potion of mutation]
 56096 | Depths:4 | Lost mutation: You are vulnerable to heat. (rF-) [potion of
                  | mutation]
 56096 | Depths:4 | Gained mutation: You occasionally lose the ability to read
                  | scrolls when taking damage. [potion of mutation]
 56096 | Depths:4 | Lost mutation: You occasionally lose the ability to read
                  | scrolls when taking damage. [potion of mutation]
 56097 | Depths:4 | Lost mutation: You are vulnerable to cold. (rC-) [potion of
                  | mutation]
 56097 | Depths:4 | Gained mutation: You are agile. (Dex +4, Str/Int -1)
                  | [potion of mutation]
 56097 | Depths:4 | Gained mutation: You possess an exceptional clarity of
                  | mind. [potion of mutation]
 56107 | Depths:4 | Noticed Efunwes the pandemonium lord
 56128 | Depths:4 | Killed Efunwes the pandemonium lord
 56163 | Depths:3 | Noticed Hilovak the pandemonium lord
 56171 | Depths:3 | Killed Hilovak the pandemonium lord
 56522 | D:10     | Noticed Xydioch the pandemonium lord
 56525 | D:10     | Killed Xydioch the pandemonium lord
 56786 | D:1      | Noticed Puitoe the pandemonium lord
 56793 | D:1      | Killed Puitoe the pandemonium lord
 56794 | D:1      | Reached XP level 26. HP: 267/267 MP: 31/31
 56805 | D:$      | Escaped with the Orb!

Illustrated notes

Levels and vault maps discovered:
D:1:      saegor_arrival_miasma, layout_rooms, serial_forest,
          infiniplex_forest_corner_1, infiniplex_forest_pool,
          infiniplex_forest_lined_corner, infiniplex_forest_end_3,
          infiniplex_forest_straight_4, infiniplex_forest_straight_2,
          infiniplex_forest_pool, infiniplex_forest_end_double, serial_shops,
          nicolae_shop_tiny_glass, hangedman_glass_teeth
D:2:      layout_rooms, shapermc_ecumenical_altar_rom_forum, uniq_natasha,
          uniq_crazy_yiuf_cottage
D:3:      layout_loops_cross, nicolae_overflow_two_pavilions
D:4:      layout_basic, led_sif_book, mainiacjoe_overflow_chevrons,
          nicolae_ossuary_entry_plus
D:5:      layout_basic, xom_teletrap_fun, nicolae_hepliaklqana_hazy_memory,
          minmay_temple_entry_proselytizer, minmay_ogre_servants
D:6:      layout_basic, serial_curves, eino_curves_04, eino_curves_02
D:7:      minmay_angry_zag, layout_gridville, zin_academy, uniq_jeremiah
D:8:      layout_loops_corners, lemuel_crystal_altar, okawaru_humans,
          minmay_fractal_squares_gapless_5
D:9:      minmay_distorted_concentric_squares, layout_grid_maze,
          due_lair_maze_entry_diamond, uniq_amaemon, uniq_erolcha
D:10:     layout_loops_ring, nicolae_qazlal_style_of_elements,
          mainiacjoe_overflow_surrounded_room, ebering_ghost_inner_flame,
          serial_shops, shop, uniq_erica
D:11:     layout_basic, kennysheep_big_empty_room
D:12:     layout_irregular_city, david_orc_2
D:13:     layout_loops_ring, minmay_lizard_king
D:14:     cheibrodos_orc_bank, layout_gridville, david_vaults_5,
          nicolae_uskayaw_suspiria, uniq_rupert
D:15:     grunt_enter_depths_hoard, layout_rooms, minivault_25,
          nicolae_ru_great_annihilating_truth
Temple:   bh_familiar_temple
Lair:1:   layout_gridlike, dreamdust_deal_with_the_devil, st_stairs_7
Lair:2:   gammafunk_cloud_chamber, layout_layer_cave, skrybe_swamp_entry_bodies,
          kennysheep_snail_temple
Lair:3:   layout_gridlike, nicolae_spider_entry_lesser_pyramids,
          lemuel_fruit_fields, infiniplex_staircase_pool_2
Lair:4:   layout_small_grid, slime_entry_2, minmay_stone_trees_medium,
          infiniplex_staircase_pool
Lair:5:   hellmonk_lair_end_abyssal_woods, layout_regular_city
Swamp:1:  layout_falls_marsh, serial_swamp_ruin, evilmike_swamp_ruin_house_4,
          evilmike_swamp_ruin_rubble_2, swamp_pool5, hangedman_swamp_pad
Swamp:2:  layout_falls_marsh, evilmike_swamp_ruin_house_1, uniq_mlioglotl
Swamp:3:  layout_falls_marsh, nicolae_swamp_feature_on_the_river_bank
Swamp:4:  swamp_pestilence, layout_basic_swamp, nicolae_swamp_little_tower
Spider:1: layout_chambers, nicolae_spider_twisty_arc_passages, uniq_jorgrun
Spider:2: layout_spider_delve, nicolae_spider_some_kinda_spiderbox,
          nicolae_spider_cling_halls, uniq_kirke, uniq_donald
Spider:3: layout_spider_delve, uniq_arachne
Spider:4: grunt_spider_rune_circles, hellmonk_deceptive_appearances,
          uniq_asterion
Orc:1:    layout_caves, trog_butcher_becter
Orc:2:    st_orc_congregation, layout_caves, serial_shops,
          nicolae_shop_window_shopping, uniq_azrael
Elf:1:    nicolae_elf_arrival_fired_up, layout_gridlike, minmay_elf_necromancy,
          uniq_frances
Elf:2:    elven_hall_of_blades_hangedman_alternative [mumra_blade_entry_dagger],
          layout_gridlike, serial_sigils, serial_sigils_hangedman_clutch,
          serial_sigils_hangedman_scar, serial_sigils_hangedman_confine,
          serial_sigils_hangedman_quiver, basic_altar, serial_shops,
          nicolae_take_the_stairs, minivault_24
Elf:3:    elf_hall, layout_geoelf_octagon, portal_ice_cave_entry_frozen_things,
          nicolae_custom_books
Vaults:1: vaults_room_stairs_pillars, v_alt_pattern_3, v_misc_1,
          nicolae_vaults_minivaults, ontoclasm_vaults_eye, v_misc_3,
          nicolae_vaults_rhombus_6, nicolae_vaults_diamond_1,
          nicolae_vaults_sesquioval_fish, nicolae_vaults_offset_grid_hallway_4,
          nicolae_vaults_diamond_1, nicolae_vaults_diamond_1,
          layout_vaults_omnibox, serial_shops, shop
Vaults:2: ontoclasm_vaults_fault, nicolae_vaults_double_plus_1,
          nicolae_vaults_little_squares_5, hangedman_vaults_maws,
          ontoclasm_vaults_twist, nicolae_vaults_rhombus_6,
          vaults_mumra_hexcomb, nicolae_vaults_little_squares_3,
          nicolae_vaults_double_plus_1, nicolae_vaults_six-pack,
          ontoclasm_vaults_pinch, layout_vaults_omnicross,
          nicolae_trove_entry_isolated
Vaults:3: nicolae_vaults_closet_pinwheel_6, minmay_crypt_entry_vampire_xt,
          nicolae_vaults_arrows, vaults_room_fancy_cross,
          nicolae_vaults_border_crossing, nicolae_vaults_prndl,
          dpeg_vaults_monster_box, layout_vaults_chaotic_city, uniq_margery
Vaults:4: vaults_room_semicircle, hangedman_vaults_impose,
          ontoclasm_vaults_idyll, v_misc_28, hangedman_vaults_snaps, v_misc_4,
          nicolae_vaults_wrenched, nicolae_vaults_tetromino_T_1,
          nicolae_vaults_sightless_eye, nicolae_vaults_three_branches,
          layout_vaults_quadrants, uniq_sojobo, uniq_saint_roka
Vaults:5: uniq_mara
Crypt:1:  layout_chaotic_city, lemuel_dead_fish_pool, due_unseen_surprise
Crypt:2:  layout_misc_corridors, hellmonk_ghost_big_iron, uniq_mennas,
          uniq_frederick
Crypt:3:  due_elkab, layout_chaotic_city, nicolae_tomb_entry_rubble_hallway
Depths:1: layout_honeycomb, grunt_dithmenos_smoke, pf_hell_entry_great_geh,
          minmay_misc_feat_plants, serial_sigils_hangedman_writhe,
          kennysheep_generic_room_12
Depths:2: minmay_central_circle, layout_basic, hell_entry,
          rand_demon_pan_entry_5, minmay_crystal_room, uniq_bai_suzhen
Depths:3: hangedman_spin_cycle, abyss_entry, hell_entry
Depths:4: grunt_zot_entry_hairpin, layout_gridville, abyss_entry,
          nemelex_diamond_rough_becter, nicolae_hell_entry_big_baal_hell,
          uniq_jory, uniq_boris
Zot:1:    kennysheep_oblong_rooms, layout_basic,
          hangedman_zot_decor_unnerving_road, hangedman_zot_wheel_spokes
Zot:2:    layout_basic, uniq_grunn, uniq_tiamat
Zot:3:    layout_gridville, ebering_ghost_xom, grunt_ministairs_4
Zot:4:    gammafunk_sealed_library, layout_cathedral_of_symmetry,
          gammafunk_ghost_cemetery
Zot:5:    layout_misc_corridors

Skill      XL: |  1  2  3  4  5  6  7  8  9 10 11 12 13 14 15 16 17 18 19 20 21 22 23 24 25 |
---------------+----------------------------------------------------------------------------+-----
Unarmed Combat | 3 4 5 6 7 8 10 11 12 13 14 16 18 | 18.0
Stealth        | 1 2 |  2.0
Fighting       | 2 4 7 9 11 12 13 14 15 16 | 16.4
Invocations    | 2 5 6 9 10 12 | 12.1
Dodging        | 2 5 8 10 11 12 13 14 16 17 | 17.7
Translocations | 3 4 5 7 8 9 12 | 12.3
Evocations     | 1 |  1.9
Throwing       | 4 10 | 10.4
Shields        | 6 8 11 13 16 | 16.4
Shapeshifting  | 10 14 16 17 19 20 | 20.2
Spellcasting   | 3 4 |  4.1

Action                     |  1- 3 |  4- 6 |  7- 9 | 10-12 | 13-15 | 16-18 | 19-21 | 22-24 | 25-27 || total
---------------------------+-------+-------+-------+-------+-------+-------+-------+-------+-------++-------
  Melee: Unarmed           |   103 |   170 |   156 |   552 |  1174 |  1129 |  1167 |  1289 |   382 ||  6122
         Punch             |       |     8 |     5 |    33 |    37 |       |       |       |       ||    83
  Throw: Large rock        |       |       |    16 |     7 |    37 |    27 |     1 |       |     2 ||    90
         Dart              |       |       |       |     2 |     3 |     6 |     3 |     2 |       ||    16
   Cast: Blink             |       |       |       |       |     2 |       |    14 |       |     2 ||    18
         Lesser Beckoning  |       |       |       |       |    28 |    32 |    33 |    35 |    20 ||   148
         Manifold Assault  |       |       |       |       |       |       |    23 |    44 |    10 ||    77
 Invoke: Bend Time         |       |       |       |     3 |     4 |    11 |       |     1 |       ||    19
         Temporal Distorti |       |       |       |       |     7 |     3 |       |     3 |     5 ||    18
         Slouch            |       |       |       |       |       |    10 |     1 |     2 |       ||    13
  Evoke: Wand              |       |     1 |     5 |     8 |    12 |    10 |    10 |     8 |     3 ||    57
         Phantom mirror    |       |       |       |       |       |       |       |     1 |     1 ||     2
    Use: Scroll            |     2 |     4 |     8 |     9 |    16 |     2 |     3 |    13 |     8 ||    65
         Potion            |       |       |     4 |       |     6 |     2 |     1 |    11 |     4 ||    28
   Stab: Sleeping          |     2 |     2 |       |       |       |     2 |     8 |     4 |       ||    18
         Invisible         |       |       |       |    32 |    71 |    91 |    40 |    16 |       ||   250
         Paralysed         |       |       |       |       |     4 |       |       |       |       ||     4
         Distracted        |       |       |       |       |     1 |     3 |     3 |     8 |     1 ||    16
 Armour: Robe              |    47 |    94 |   100 |   234 |   307 |   249 |       |       |       ||  1031
         Skin              |       |       |       |       |       |   382 |   486 |   634 |   170 ||  1672
  Dodge: Dodged            |    31 |    57 |    49 |   470 |   905 |  1587 |  1265 |  1478 |   355 ||  6197
  Block: Kite shield       |       |       |       |       |   636 |  1293 |  1195 |  1910 |   606 ||  5640
         Reflection        |       |       |       |       |       |       |     8 |    41 |    20 ||    69
   Form: Statue            |       |       |       |       |       |     1 |     1 |       |       ||     2
                           |       |       |       |       |       |       |     1 |       |       ||     1

Table legend: (Time is in decaauts)
 A = Elapsed time spent in this place.
 B = Non-inter-level travel time spent in this place.
 C = Inter-level travel time spent in this place.
 D = Time resting spent in this place.
 E = Time spent auto-exploring this place.
 F = Levels seen in this place.
 G = Mean time per level.
                   A        B        C        D        E       F      G
               +--------+--------+--------+--------+--------+-----+--------+
         Total | 111510 |  95277 |  16233 |  10736 |  59377 |  55 | 2027.5 |
       Dungeon |  26146 |  18706 |   7440 |   1262 |  13155 |  15 | 1743.1 |
        Temple |     70 |     38 |     32 |      0 |      0 |   1 |   70.0 |
          Lair |  11264 |  10241 |   1023 |    872 |   7648 |   5 | 2252.8 |
         Swamp |   6901 |   6575 |    326 |     28 |   5358 |   4 | 1725.2 |
   Spider Nest |   8089 |   7542 |    547 |   1742 |   3827 |   4 | 2022.2 |
  Orcish Mines |   3606 |   2745 |    861 |    313 |   1666 |   2 | 1803.0 |
   Elven Halls |   9320 |   8264 |   1056 |   2491 |   3862 |   3 | 3106.7 |
        Vaults |  20377 |  17416 |   2961 |   1157 |  12228 |   5 | 4075.4 |
         Crypt |   6748 |   6366 |    382 |     64 |   4563 |   3 | 2249.3 |
        Depths |  13815 |  12387 |   1428 |   1605 |   6918 |   4 | 3453.8 |
           Zot |   3649 |   3474 |    175 |   1102 |      0 |   5 |  729.8 |
         Abyss |    192 |    192 |      0 |      1 |      0 |   1 |  192.0 |
         Trove |     97 |     97 |      0 |      0 |      0 |   1 |   97.0 |
       Ossuary |    323 |    323 |      0 |      9 |     56 |   1 |  323.0 |
      Ice Cave |    905 |    905 |      0 |     86 |     94 |   1 |  905.0 |
               +--------+--------+--------+--------+--------+-----+--------+

Top non-repeatable levels by time:
   Elf:3: 5383 daAuts
Vaults:3: 5090 daAuts
Depths:4: 4387 daAuts
Vaults:4: 4290 daAuts
Vaults:5: 4202 daAuts
Vaults:2: 3566 daAuts
Depths:1: 3372 daAuts
 Crypt:3: 3334 daAuts
Vaults:1: 3226 daAuts
Depths:2: 3061 daAuts
Depths:3: 2992 daAuts
    D:12: 2854 daAuts
    D:13: 2835 daAuts
    D:14: 2799 daAuts
  Lair:5: 2667 daAuts
